AoeStats
← 烁

Arena

508437631Analyzed
4v4 RM · 8d ago on Sep 22, 2026· 45m 25s· 8 players
Game mode
Random Map
Map size
Large (8 player)
Population
200
Speed
Normal
Resources
Standard
Victory
Conquest
Starting age
Dark Age
Ending age
Imperial Age
RankedLock teamsTeams togetherTeam positionsShared explorationLock speedFull tech treeHidden civsTurbo modeCheats
Victory
Defeat
🇨🇳 Cumans · China
975
+14
🇨🇳 Persians · China
960
+15
🇨🇳 Bohemians · China
950
+15
🇨🇳 Franks · China
856
+20
🇨🇳 Khmer · China
1029
-19
🇦🇺 Hindustanis · Australia
932
-16
🇦🇺 Franks · Australia
903
-15
🇦🇺 Portuguese · Australia
883
-14
烁
6:12 Loom
10:45 Feudal Age
16:02 Castle Age
15:30 Double-Bit Axe
22:59 Horse Collar
25:35 Heavy Plow
27:46 Ballistics
31:52 Imperial Age
31:19 Wheelbarrow
30:58 Bow Saw
31:20 Scale Barding Armor
31:26 Forging
31:41 Pikeman
32:21 Squires
32:07 Arson
32:46 Chain Barding Armor
32:26 Scale Mail Armor
34:02 Two-Man Saw
33:35 Crop Rotation
33:33 Kamandaran
35:03 Plate Barding Armor
35:04 Iron Casting
34:43 Husbandry
34:53 Bloodlines
35:08 Conscription
34:28 Halberdier
34:44 Crossbowman
35:30 Thumb Ring
36:10 Chain Mail Armor
36:23 Hand Cart
35:53 Town Watch
38:09 Blast Furnace
36:59 Fletching
37:10 Padded Archer Armor
37:08 Elite War Elephant
38:30 Light Cavalry
39:55 Plate Mail Armor
40:57 Chemistry
40:08 Masonry
39:53 Murder Holes
40:50 Bodkin Arrow
41:10 Leather Archer Armor
413401132
9:29 Feudal Age
10:48 Double-Bit Axe
11:22 Horse Collar
13:36 Loom
16:53 Man-at-Arms
18:52 Scale Mail Armor
24:09 Gold Mining
27:15 Castle Age
27:22 Capped Ram
27:27 Long Swordsman
27:30 Pikeman
28:30 Chain Mail Armor
29:12 Squires
33:18 Wheelbarrow
32:57 Bow Saw
34:16 Hand Cart
34:24 Hand Cart
34:52 Stone Mining
35:40 Gold Shaft Mining
36:09 Masonry
36:27 Scale Barding Armor
36:37 Caravan
39:32 Imperial Age
38:53 Town Watch
39:09 Murder Holes
39:35 Halberdier
42:34 Siege Ram
43:45 Chain Barding Armor
43:36 Forging
42:53 Cavalier
44:30 Arson
44:58 Paladin
45:50 Bloodlines
-300
10:44 Feudal Age
11:31 Double-Bit Axe
11:41 Gold Mining
20:48 Castle Age
19:27 Stone Mining
22:39 Bow Saw
22:44 Scale Barding Armor
24:22 Husbandry
26:10 Forging
27:19 Gold Shaft Mining
37:40 Imperial Age
36:51 Chain Barding Armor
38:17 Iron Casting
38:16 Cavalier
44:48 Paladin
2579439892
12:06 Feudal Age
13:44 Double-Bit Axe
13:41 Horse Collar
20:29 Castle Age
21:43 Bow Saw
21:35 Heavy Plow
29:50 Imperial Age
29:53 Chemistry
30:04 Forging
29:16 Pikeman
33:08 Two-Man Saw
32:32 Ballistics
33:04 Iron Casting
31:51 Halberdier
32:32 Squires
32:36 Scale Mail Armor
37:26 Conscription
38:33 Wheelbarrow
| NoTok | Devdass
7:12 Loom
10:20 Feudal Age
14:37 Castle Age
14:23 Double-Bit Axe
14:21 Horse Collar
16:38 Bow Saw
19:42 Gold Mining
20:01 Stone Mining
22:11 Loom
22:24 Fletching
| NoTok | Wetcheese
0:41 Loom
11:43 Feudal Age
17:21 Double-Bit Axe
21:26 Castle Age
21:26 Gold Mining
21:27 Stone Mining
23:15 Gold Shaft Mining
23:21 Bow Saw
24:16 Scale Barding Armor
28:04 Wheelbarrow
29:25 Husbandry
31:38 Pikeman
33:07 Hand Cart
35:16 Scale Mail Armor
36:06 Light Cavalry
38:09 Squires
42:05 Forging
42:16 Chain Barding Armor
42:12 Chain Mail Armor
dr bitewings
8:07 Loom
10:54 Feudal Age
15:39 Castle Age
14:23 Double-Bit Axe
15:17 Horse Collar
18:14 Bow Saw
19:04 Heavy Plow
24:04 Wheelbarrow
26:46 Stone Mining
26:49 Gold Mining
30:15 Imperial Age
28:56 Ballistics
28:48 Masonry
28:35 Murder Holes
30:43 Stone Shaft Mining
30:30 Treadmill Crane
31:05 Fortified Wall
31:04 Siege Engineers
32:01 Chemistry
34:22 Two-Man Saw
33:10 Elite Organ Gun
34:12 Conscription
36:48 Hand Cart
36:18 Town Watch
37:41 Architecture
37:26 Caravan
41:12 Pikeman
41:38 Arson
42:11 Forging
42:02 Scale Mail Armor
42:08 Scale Barding Armor
41:55 Fletching
43:53 Arquebus
44:00 Circumnavigation
45:01 Halberdier
LESLIE
10:24 Feudal Age
14:33 Castle Age
12:39 Double-Bit Axe
13:04 Horse Collar
14:11 Loom
15:49 Bow Saw
18:05 Town Watch
20:51 Wheelbarrow
22:46 Heavy Plow
26:59 Imperial Age
26:36 Bloodlines
26:28 Husbandry
25:49 Light Cavalry
26:47 Hand Cart
27:31 Gold Mining
27:50 Scale Barding Armor
28:38 Forging
29:27 Gold Shaft Mining
28:43 Stone Mining
29:40 Conscription
29:59 Chain Barding Armor
30:17 Crop Rotation
31:25 Chemistry
30:46 Ballistics
30:32 Siege Engineers
30:38 Masonry
31:47 Plate Barding Armor
31:04 Fletching
33:09 Iron Casting
32:40 Elite Battle Elephant
33:59 Bodkin Arrow
35:05 Stone Shaft Mining
34:45 Fortified Wall
35:25 Hussar
37:26 Double Crossbow
37:27 Tusk Swords
38:03 Hoardings
38:36 Architecture
38:09 Bracer
40:18 Blast Furnace
39:19 Padded Archer Armor
39:39 Elite Ballista Elephant
Connection lost

Rejoining the realm…

Still unreachable

The connection could not be restored.

Session expired

The server has moved on; the page needs a fresh start.